 Dungeon Crawl Stone Soup version 0.20-a0-1018-ge435b50 (webtiles) character file.

359 Patate the Covert (level 6, -1/28 HPs)
             Began as a Spriggan Enchanter on Apr 16, 2017.
             Engulfed by a steam dragon's steam (4 damage)
             ... on level 3 of the Dungeon on Apr 17, 2017.
             The game lasted 00:14:22 (5588 turns).

Patate the Covert (Spriggan Enchanter)              Turns: 5588, Time: 00:14:22

Health: -1/28      AC:  5    Str:  6    XL:     6   Next: 37%
Magic:  13/13      EV: 18    Int: 17    God:
Gold:   177        SH:  0    Dex: 16    Spells: 8/14 levels left

rFire    . . .     SeeInvis +   a - +2 dagger
rCold    + . .     Gourm    .   (shield restricted)
rNeg     . . .     Faith    .   s - +2 robe {MR+}
rPois    +         Spirit   .   (helmet restricted)
rElec    .         Reflect  .   q - +0 cloak
rCorr    .         Harm     .   (gloves unavailable)
MR       ++...                  (boots unavailable)
Stlth    ++++......             (no amulet)
Regen    0.1/turn               o - ring of poison resistance
MPRegen  0.2/turn               t - ring of protection from cold (curse)

@: very quick
A: unfitting armour, see invisible, herbivore 3, speed 3, slow metabolism 2
a: no special abilities


You were on level 3 of the Dungeon.
You were not hungry.

You visited 1 branch of the dungeon, and saw 4 of its levels.

You collected 177 gold pieces.

Inventory:

Hand Weapons
 a - a +2 dagger (weapon)
Armour
 q - a +0 cloak (worn)
 s - a +2 robe of magic resistance (worn)
Jewellery
 o - a ring of poison resistance (left hand)
 t - a cursed ring of protection from cold (right hand)
Scrolls
 b - a scroll of remove curse
 f - a scroll of immolation {unknown}
 g - 3 scrolls of amnesia {unknown}
 h - a scroll of enchant weapon
 j - a scroll of identify {unknown}
 k - 2 scrolls of teleportation
 l - 4 scrolls of enchant armour {unknown}
 r - 2 scrolls of fog {unknown}
Potions
 e - a potion of brilliance
 m - a potion of curing {unknown}
 n - a potion of degeneration {unknown}
 p - a potion of might
Books
 c - a book of Maledictions

   Spells                             Type                      Level
   a - Corona                         Hexes                        1
   b - Ensorcelled Hibernation        Hexes/Ice                    2
   c - Confuse                        Hexes                        3
   d - Tukima's Dance                 Hexes                        3
   e - Dazzling Spray                 Conjuration/Hexes            3
Comestibles
 d - 4 bread rations


   Skills:
 - Level 1.1 Short Blades
 - Level 3.0 Dodging
 + Level 10.0 Stealth
 + Level 4.6 Spellcasting
 - Level 3.6 Hexes


You had 8 spell levels left.
You knew the following spells:

 Your Spells              Type           Power        Failure   Level  Hunger
a - Corona                Hex            ###....      3%          1    None
b - Ensorcelled Hibernat  Hex/Ice        ##....       14%         2    ##.....
c - Confuse               Hex            ###.....     12%         3    ###....


Dungeon Overview and Level Annotations

Branches:
Dungeon (4/15)
 Temple: D:4-7

Altars:
Okawaru
Ru
Yredelemnul

Annotations:
D:4 Uristic's ghost, novice HuFi


Innate Abilities, Weirdness & Mutations

You are very small and have problems with some larger weapons.
You are too small for most types of armour.
You have supernaturally acute eyesight. (SInv)
You are a herbivore.
You cover ground extremely quickly.
You need consume almost no food.


Message History

The orc wizard casts a spell at you. The puff of flame misses you.
The orc hits you but does no damage. The steam dragon barely misses you. x2
The orc wizard gestures wildly while chanting.
The orc wizard seems to speed up.
The steam dragon closely misses you. The steam dragon misses you.
The orc hits you but does no damage.
There is a stone staircase leading up here.
The orc closely misses you. The steam dragon bites you!
The steam dragon misses you.
You climb upwards.
There is a stone staircase leading down here.
You hit the steam dragon.
The steam dragon is lightly wounded.
The steam dragon breathes steam at you. The ball of steam hits you!
Ouch! That really hurt!
* * * LOW HITPOINT WARNING * * *
The orc completely misses you.
You are engulfed in a cloud of scalding steam.
You die...

#.......# #.#####'###########
#.# #............# #.#
#............# ########.#
#............# #..(.....#
##D############# #
#.############§o...........## #
#.# #.......§§§.....#####..# #
#.# #.#.#####@#####.# ##.# #
#.# #.#..####§#####.# #.# # #.#
#.##[....§...##.######.# #
#.####.##.###§###...........###
#....#.##.# #.# #............##
####.#.##.###.###..........#.##
#.#.##.+.._###....[.....'..'
#.#....###.###..........##.#
#.####.# #.# #..........##..


You could see an orc.

Vanquished Creatures
  An ogre (D:4)
  An orc priest (D:3)
  2 orc wizards (D:3)
  8 adders
  3 gnolls (D:2)
  3 worms
  3 dart slugs
  A leopard gecko (D:2)
  10 orcs (D:3)
  7 bats
  4 giant cockroaches
  6 goblins
  10 hobgoblins
  3 quokkas
  2 frilled lizards
  2 gnoll zombies (D:4)
  6 kobolds
  3 rats
75 creatures vanquished.

Vanquished Creatures (others)
  An orc (D:4)
1 creature vanquished.

Grand Total: 76 creatures vanquished

Notes
Turn   | Place    | Note
-------+----------+-------------------------------------------
     0 | D:1      | Patate the Spriggan Enchanter began the quest for the Orb.
     0 | D:1      | Reached XP level 1. HP: 9/9 MP: 5/5
   520 | D:1      | Reached skill level 5 in Stealth
   726 | D:1      | Reached XP level 2. HP: 8/13 MP: 6/6
   844 | D:1      | Learned a level 2 spell: Ensorcelled Hibernation
  1710 | D:2      | Reached skill level 6 in Stealth
  1743 | D:1      | Reached XP level 3. HP: 14/16 MP: 5/8
  1748 | D:1      | Learned a level 3 spell: Confuse
  2028 | D:2      | Reached skill level 7 in Stealth
  2117 | D:2      | Reached XP level 4. HP: 21/21 MP: 2/9
  2530 | D:2      | Reached skill level 8 in Stealth
  2944 | D:3      | Reached XP level 5. HP: 24/24 MP: 3/10
  3156 | D:3      | Found a sacrificial altar of Ru.
  3165 | D:3      | Found a faded altar of an unknown god.
  3433 | D:3      | Reached skill level 9 in Stealth
  3944 | D:3      | Found an iron altar of Okawaru.
  4849 | D:4      | Reached XP level 6. HP: 28/28 MP: 13/13
  4912 | D:4      | Found a basalt altar of Yredelemnul.
  4971 | D:4      | Noticed Uristic's ghost (novice HuFi)
  5264 | D:4      | Noticed a steam dragon
  5463 | D:3      | Upgraded the game from 0.20-a0-1016-g241539b to 0.20-a0-1018-ge435b50
  5570 | D:3      | Reached skill level 10 in Stealth
  5588 | D:3      | Engulfed by a steam dragon's steam

Vault maps used:
D:1:      lemuel_arrival_cross, minmay_door_square, minmay_misc_feat_alley,
          roderic_nine_men_s_morris
D:3:      lemuel_doored_altar, nicolae_ru_awakened_eye, first_bread,
          chequers_ecumenical_altar_simple_redux, minmay_misc_feat_room
D:4:      lemuel_zombie_altar_yredelemnul, temple_pool_b

Skill      XL: |  1  2  3  4  5  6 |
---------------+-------------------+-----
Stealth        | 5 6 7 8 9 10 | 10.0
Spellcasting   | 3 4 |  4.6
Short Blades   | |  1.1
Dodging        | |  3.0
Hexes          | |  3.6

Action                   |  1- 3 |  4- 6 || total
-------------------------+-------+-------++-------
Melee: Dagger            |    79 |   186 ||   265
 Cast: Ensorcelled Hiber |    14 |    38 ||    52
       Confuse           |       |     5 ||     5
  Use: Scroll            |     5 |       ||     5
       Potion            |     2 |     2 ||     4
 Stab: Sleeping          |    10 |    30 ||    40
       Confused          |       |     1 ||     1
  Eat: Royal jelly       |       |     3 ||     3
Armor: Robe              |     4 |    12 ||    16
Dodge: Dodged            |    50 |   137 ||   187
